 Seeded DCSS version 0.28-a0-938-gbc3f381ebc (webtiles) character file.

Game seed: 34555555444444 (custom seed)

707 a11behringer the Chopper (level 7, -10/57 HPs)
             Began as a Palentonga Berserker on Nov 29, 2021.
             Was a Priest of Trog.
             Mangled by an ogre (16 damage)
             ... on level 4 of the Dungeon.
             The game lasted 00:14:34 (3827 turns).

a11behringer the Chopper (Palentonga Berserker)     Turns: 3827, Time: 00:14:35

Health: -10/57     AC: 17    Str: 22    XL:     7   Next: 39%
Magic:  7/7        EV: 10    Int:  7    God:    Trog [***...]
Gold:   54         SH:  0    Dex: 10    Spells: 6/6 levels left

rFire   . . .      SeeInvis +   a - +0 hand axe
rCold   + . .      Faith    .   (no shield)
rNeg    . . .      Spirit   .   r - +2 leather armour {rC+}
rPois   .          Reflect  .   e - +1 helmet
rElec   .          Harm     .   m - +0 cloak
rCorr   .          Rampage  .   (no gloves)
Will    +....                   (no barding)
Stlth   +.........              (no amulet)
HPRegen 0.19/turn               t - ring of willpower
MPRegen 0.10/turn               (no ring)

@: curled up
A: large, rugged brown scales 3, see invisible, deformed body, roll 1, armoured
tail, reflexive curl
a: Rolling Charge, Renounce Religion, Berserk, Trog's Hand


You were on level 4 of the Dungeon.
You worshipped Trog.
Trog was most pleased with you.
You visited 1 branch of the dungeon, and saw 4 of its levels.

You collected 144 gold pieces.
You spent 90 gold pieces at shops.

Inventory:

Hand Weapons
 a - a +0 hand axe (weapon)
Missiles
 i - 2 atropa-tipped darts
 j - 39 poisoned darts
Armour
 b - a +0 animal skin
 d - a +0 ring mail
 e - a +1 helmet (worn)
 m - a +0 cloak (worn)
 o - a +0 scale mail
 r - a +2 leather armour of cold resistance (worn)
Jewellery
 t - a ring of willpower (left hand)
Wands
 g - a wand of iceblast (10)
Scrolls
 h - 2 scrolls of fear
 k - a scroll of noise
 l - a scroll of enchant armour
Potions
 c - 3 potions of curing
 f - 2 potions of attraction
 n - a potion of resistance
 p - a potion of haste {unknown}
 q - a potion of brilliance


   Skills:
 + Level 4.1 Fighting
 * Level 6.8 Axes
 + Level 3.2 Armour
 + Level 2.8 Dodging


You had 6 spell levels left.
You didn't know any spells.
Your spell library was empty.

Dungeon Overview and Level Annotations

Branches:
Dungeon (4/15)
 Temple: D:4-7

Altars:
Dithmenos
Hepliaklqana
Ru
Yredelemnul

Shops:
D:2 *   D:4 [

Annotations:
D:3 2 transporters


Innate Abilities, Weirdness & Mutations

You are completely covered in rugged brown scales. (AC +3, +7% HP)
You have supernaturally acute eyesight. (SInv)
Armour fits poorly on your strangely shaped body.
You can roll at nearby foes to attack.
You have a long armoured tail.
You curl defensively after being hit. (AC +7*)


Message History

48 stones; a +0 dagger; a +0 hunting sling You climb downwards.
Level annotation: 2 transporters
There is a stone staircase leading up here.
There is a stone staircase leading down here.
You climb downwards.
There is a stone staircase leading up here.
HP restored.
Found 22 stones.
You see here 22 stones.
You now have 42 gold pieces (gained 11).
You now have 54 gold pieces (gained 12).
A hobgoblin comes into view.
You slash the hobgoblin!
You kill the hobgoblin!
Trog accepts your kill.
Found an escape hatch in the floor.
There is a stone staircase leading up here.
An ogre comes into view. It is wielding a +0 giant club.
The ogre shouts!
The ogre hits you with a +0 giant club.
You closely miss the ogre.
You tail-slap the ogre, but do no damage.
The ogre hits you with a +0 giant club!
You hit the ogre.
The ogre is lightly wounded.
The ogre hits you with a +0 giant club.
You barely miss the ogre.
The ogre is lightly wounded.
You hit the ogre but do no damage.
The ogre is lightly wounded.
The ogre hits you with a +0 giant club!
You hit the ogre but do no damage.
The ogre is lightly wounded.
The ogre hits you with a +0 giant club!!
* * * LOW HITPOINT WARNING * * *
You slash the ogre!
The ogre is moderately wounded.
The ogre hits you with a +0 giant club!
You die...

############ ### #..........#
..# #..........## ..#
#...........# .># #...........#
..# #..O@.......# ..#
#########.####.# .## #.........#
.# ######.########## .# #......#
#.# .####......########.#
..<................>#####
.####......#............#######
...........#.######.#####.....♣#


You could see an ogre.

Vanquished Creatures
  Eustachio (D:4)
  A human (D:3)
  A phantom (D:4)
  A scorpion (D:4)
  A water moccasin skeleton (D:4)
  An iguana (D:4)
  Ijyb (D:4)
  3 hound skeletons (D:4)
  3 gnolls (D:4)
  3 adders
  An adder skeleton (D:4)
  2 worms
  7 dart slugs
  6 orcs (D:3)
  4 endoplasms
  2 giant cockroaches
  6 goblins
  8 hobgoblins
  5 jackals
  4 kobolds
  7 ball pythons
  9 bats
  A frilled lizard (D:1)
  A goblin skeleton (D:3)
  A jackal skeleton (D:3)
  A kobold zombie (D:3)
  11 rats
92 creatures vanquished.

Notes
Turn   | Place    | Note
-------+----------+-------------------------------------------
     0 | D:1      | a11behringer the Palentonga Berserker began the quest for
                  | the Orb.
     0 | D:1      | Reached XP level 1. HP: 19/19 MP: 1/1
    83 | D:1      | Reached XP level 2. HP: 13/25 MP: 2/2
   484 | D:1      | Reached ** piety under Trog
   491 | D:1      | Reached XP level 3. HP: 27/31 MP: 3/3
   495 | D:1      | Found a faded altar of an unknown god.
  1100 | D:2      | Found Rairuonu's Assorted Antiques.
  1133 | D:2      | Reached skill level 4 in Axes
  2142 | D:3      | Found a runed translucent door.
  2142 | D:3      | Noticed a human
  2145 | D:3      | Reached XP level 4. HP: 37/37 MP: 4/4
  2158 | D:3      | Found a basalt altar of Yredelemnul.
  2180 | D:3      | Killed a human
  2181 | D:3      | Reached skill level 5 in Axes
  2181 | D:3      | Reached XP level 5. HP: 35/43 MP: 5/5
  2290 | D:3      | Found a transporter.
  2363 | D:3      | Reached *** piety under Trog
  2393 | D:3      | Found a transporter.
  2817 | D:4      | Found a sacrificial altar of Ru.
  2825 | D:4      | Noticed Ijyb
  2827 | D:4      | Reached XP level 6. HP: 44/51 MP: 6/6
  2832 | D:4      | Killed Ijyb
  3018 | D:4      | Noticed Eustachio
  3049 | D:4      | Killed Eustachio
  3050 | D:4      | Reached skill level 6 in Axes
  3225 | D:4      | Gained mutation: You curl defensively after being hit. (AC
                  | +7*) [Palentonga growth]
  3225 | D:4      | Reached XP level 7. HP: 56/56 MP: 7/7
  3375 | D:4      | Noticed a shadow
  3378 | D:4      | Found a shadowy altar of Dithmenos.
  3384 | D:4      | Found a hazy altar of Hepliaklqana.
  3406 | D:4      | Found Vebrog's Armour Emporium.
  3535 | D:2      | Bought a diamond ring for 90 gold pieces
  3827 | D:4      | Mangled by an ogre

Illustrated notes

Levels and vault maps discovered:
D:1:      mushboom_english_gardens, layout_basic,
          chequers_ecumenical_altar_simple_redux, palyth_stone_intersect
D:2:      layout_loops_ring, serial_shops, shop_statue
D:3:      gammafunk_wand_slinger, layout_rooms, dk_yredelemnul_ordeal,
          minmay_circle_x
D:4:      layout_basic, riverfiend_overflow_shadow_ancestor,
          mainiacjoe_overflow_tiny_flanked, serial_shops,
          nicolae_lakefront_shop, uniq_eustachio, uniq_ijyb

Skill      XL: |  1  2  3  4  5  6  7 |
---------------+----------------------+-----
Dodging        | 2 |  2.8
Axes           | 4 5 6 |  6.8
Armour         | 2 3 |  3.2
Fighting       | 4 |  4.1

Action                   |  1- 3 |  4- 6 |  7- 9 || total
-------------------------+-------+-------+-------++-------
Melee: Hand axe          |   149 |   103 |    58 ||   310
       Tailslap          |    14 |    19 |     7 ||    40
Invok: Berserk           |       |     2 |     1 ||     3
       Trog's Hand       |       |       |     1 ||     1
 Abil: Rolling Charge    |     1 |       |       ||     1
  Use: Scroll            |     7 |     6 |     1 ||    14
Armor: Animal skin       |    51 |       |       ||    51
       Ring mail         |    48 |    31 |       ||    79
       Scale mail        |       |    36 |       ||    36
       Leather armour    |       |     3 |    17 ||    20
Dodge: Dodged            |   120 |    77 |    20 ||   217

Table legend: (Time is in decaauts)
 A = Elapsed time spent in this place.
 B = Non-inter-level travel time spent in this place.
 C = Inter-level travel time spent in this place.
 D = Time resting spent in this place.
 E = Time spent auto-exploring this place.
 F = Levels seen in this place.
 G = Mean time per level.
                   A        B        C        D        E       F      G
               +--------+--------+--------+--------+--------+-----+--------+
         Total |   3878 |   3302 |    576 |      0 |   2583 |   4 |  969.5 |
       Dungeon |   3878 |   3302 |    576 |      0 |   2583 |   4 |  969.5 |
               +--------+--------+--------+--------+--------+-----+--------+

Top non-repeatable levels by time:
     D:2: 1546 daAuts
     D:4: 970 daAuts
     D:1: 778 daAuts
     D:3: 583 daAuts
